 Dungeon Crawl Stone Soup version 0.18-a0-1730-g73f0523 (webtiles) character file.

191 Ijustatesigmund the Skirmisher (level 5, -4/59 HPs)
             Began as an Ogre Hunter on Apr 10, 2016.
             Was an Initiate of Okawaru.
             Slain by an orc
             ... wielding a +0 falchion
              (5 damage)
             ... on level 3 of the Dungeon.
             The game lasted 00:07:43 (3678 turns).

Ijustatesigmund the Skirmisher (Ogre Hunter)        Turns: 3678, Time: 00:07:45

Health: -4/59      AC:  3    Str: 17    XL:     5   Next: 70%
Magic:  5/5        EV: 10    Int: 10    God:    Okawaru [......]
Gold:   169        SH:  0    Dex: 11    Spells: 0 memorised, 4 levels left

rFire  . . .     SeeInvis .     i - +1 club
rCold  . . .     Gourm    .     o - +0 robe (curse)
rNeg   . . .     Faith    .     (no shield)
rPois  .         Spirit   .     (helmet restricted)
rElec  .         Dismiss  .     (no cloak)
rCorr  .         Reflect  .     (gloves unavailable)
SustAt .         Harm     .     (boots unavailable)
MR     .....                    (no amulet)
Stlth  +.........               (no ring)
                                g - ring of flight

@: not resistant to hostile enchantments, very unstealthy
A: unfitting armour, tough skin 1
a: Renounce Religion, Evoke Flight


You were on level 3 of the Dungeon.
You worshipped Okawaru.
Okawaru was noncommittal.
You were not hungry.

You visited 1 branch of the dungeon, and saw 4 of its levels.

You collected 169 gold pieces.

Inventory:

Hand Weapons
 i - a +1 club (weapon)
Missiles
 c - 2 large rocks (quivered)
 d - 2 throwing nets
Armour
 b - a +0 robe
 o - a cursed +0 robe (worn)
Jewellery
 g - a ring of flight (left hand)
Scrolls
 a - 2 scrolls of recharging {unknown}
 q - 3 scrolls of teleportation
Potions
 k - a potion of heal wounds {unknown}
 m - a potion of flight
 n - 3 potions of beneficial mutation {unknown}
 r - a potion of resistance {unknown}
 s - a potion of haste {unknown}
 t - a potion of berserk rage {unknown}
Comestibles
 f - 6 bread rations
 h - a royal jelly
 j - a meat ration
 p - a slice of pizza


   Skills:
 + Level 5.8 Fighting
 + Level 4.6 Maces & Flails
 - Level 4.0 Throwing
 - Level 1.7 Dodging
 - Level 0.7 Stealth


You had 4 spell levels left.
You didn't know any spells.

Dungeon Overview and Level Annotations

Branches:
Dungeon (4/15)
 Temple: D:4-7

Altars:
Ashenzari
Okawaru
Ru
Trog
The Shining One


Innate Abilities, Weirdness & Mutations

You are too large for most types of armour.
You have tough skin (AC +1).


Message History

Throwing (i - inventory. (,) - cycle):
c - 4 large rocks (quivered)
Press: ? - help, Shift-Dir - straight line, f - orc wizard
Aim: an orc wizard, wielding a dagger and wearing a robe (moderately wounded)
You throw a large rock.
The large rock barely misses the orc wizard.
The orc wizard completely misses you. The orc hits you with a falchion.
* * * LOW HITPOINT WARNING * * *
The orc wizard hits you but does no damage.
The orc hits you but does no damage.
Throwing (i - inventory. (,) - cycle):
c - 3 large rocks (quivered)
Press: ? - help, Shift-Dir - straight line, f/p - orc wizard
Aim: an orc wizard, wielding a dagger and wearing a robe (moderately wounded)
You throw a large rock. The large rock hits the orc wizard.
The orc wizard is moderately wounded.
The orc wizard barely misses you. The orc hits you with a falchion.
* * * LOW HITPOINT WARNING * * *
The orc wizard hits you with a dagger.
* * * LOW HITPOINT WARNING * * *
The orc hits you with a falchion.
You die...

##.#.# ####.# ##...# #....#
..#..# #.######## .....#
#.##.....##
.....#####.#.......#########
...........#..#............######
#######.###).......#######.#.....
..≈≈≈..#.##.....#..# #.#.####
.≈..)≈..#.#.....@o(# #.....##
.≈._.≈...#.......o.# ###.#.##
.≈...≈..#.#.##.##.## #.#.##
..≈≈≈..#.##.##.##)# #.....
#######.###.......######## ###.#<
.......#........####.....# #...
......<..........###.....#####.>.
.......)................<.)...)..
..................##.....)#####..


You could see an orc wizard and an orc.

Vanquished Creatures
  An orc priest (D:3)
  Ijyb (D:2)
  A gnoll (D:3)
  3 adders
  A worm (D:2)
  A dart slug (D:3)
  2 giant geckos
  13 orcs (D:3)
  4 giant cockroaches
  7 goblins
  7 hobgoblins
  14 kobolds
  11 bats
  3 giant newts
  12 rats
81 creatures vanquished.

Notes
Turn   | Place    | Note
--------------------------------------------------------------
     0 | D:1      | Ijustatesigmund the Ogre Hunter began the quest for the Orb.
     0 | D:1      | Reached XP level 1. HP: 22/22 MP: 1/1
    88 | D:1      | Found a shattered altar of Ashenzari.
    91 | D:1      | Reached skill level 3 in Fighting
   155 | D:1      | Reached XP level 2. HP: 26/31 MP: 2/2
   468 | D:1      | Reached skill level 4 in Fighting
   902 | D:2      | Noticed Ijyb
   910 | D:2      | Killed Ijyb
   910 | D:2      | Reached XP level 3. HP: 19/40 MP: 3/3
  1121 | D:2      | Found a glowing golden altar of the Shining One.
  1138 | D:2      | Reached XP level 4. HP: 23/49 MP: 4/4
  1295 | D:2      | Reached skill level 5 in Fighting
  1569 | D:2      | Found a bloodstained altar of Trog.
  2470 | D:3      | Found a sacrificial altar of Ru.
  2490 | D:3      | Reached XP level 5. HP: 30/57 MP: 5/5
  2716 | D:3      | Found a bloodstained altar of Trog.
  3412 | D:3      | Found an iron altar of Okawaru.
  3551 | D:3      | Became a worshipper of Warmaster Okawaru
  3678 | D:3      | HP: 1/59 [orc wizard/dagger (2)]
  3678 | D:3      | Slain by an orc

Vault maps used:
D:1:      lightli_arrival_lavapool, st_stairs_12, nicolae_ashenzari_panopticon
D:2:      lemuel_crystal_altar, columned_hall_lemuel, minmay_misc_feat_roman,
          trog_hazing_becter, uniq_iyjb
D:3:      okawaru_altar_gauntlet_db, bloody_trog, first_bread,
          nicolae_ru_awakened_eye
D:4:      wad_river_or_something, temple_fountains, minmay_cupped

Skill      XL: |  1  2  3  4  5 |
---------------+----------------+-----
Fighting       | 3 4 5 |  5.8
Maces & Flails | 2 3 4 |  4.6
Throwing       | |  4.0
Dodging        | |  1.7
Stealth        | |  0.7

Action                   |  1- 3 |  4- 6 || total
-------------------------+-------+-------++-------
Melee: Short sword       |    58 |       ||    58
       Club              |    47 |   227 ||   274
Throw: Large rock        |     1 |    18 ||    19
  Use: Scroll            |     5 |     3 ||     8
       Potion            |     1 |     4 ||     5
 Stab: Sleeping          |     1 |       ||     1
  Eat: Chunk             |     1 |     8 ||     9
